 Dungeon Crawl Stone Soup version 0.21-a0-372-gd0ff781 (webtiles) character file.

179 Humpert the Magician (level 5, 0/39 HPs)
             Began as a Demonspawn Wanderer on Oct 16, 2017.
             Slain by Terence
             ... wielding a +5 hand axe of flaming
              (4 damage)
             ... on level 2 of the Dungeon.
             The game lasted 00:05:06 (3212 turns).

Humpert the Magician (Demonspawn Wanderer)          Turns: 3212, Time: 00:05:07

Health: 0/39       AC:  2    Str: 13    XL:     5   Next: 33%
Magic:  12/12      EV: 13    Int: 11    God:
Gold:   127        SH:  0    Dex: 15    Spells: 14/14 levels left

rFire    + . .     SeeInvis .   e - +0 dagger
rCold    . . .     Gourm    .   (no shield)
rNeg     . . .     Faith    .   d - +0 robe
rPois    .         Spirit   .   (no helmet)
rElec    .         Reflect  .   (no cloak)
rCorr    .         Harm     .   (no gloves)
MR       .....                  (no boots)
Stlth    +++.......             (no amulet)
HPRegen  0.13/turn              (no ring)
MPRegen  0.13/turn              (no ring)

@: no status effects
A: claws 1, fire resistance 1, nightstalker 1
a: no special abilities


You were on level 2 of the Dungeon.
You were not hungry.

You visited 1 branch of the dungeon, and saw 2 of its levels.

You collected 127 gold pieces.

Inventory:

Hand Weapons
 e - a +0 dagger (weapon)
Armour
 d - a +0 robe (worn)
Jewellery
 p - an uncursed ring of ice {unknown}
Scrolls
 c - 2 scrolls of teleportation
 h - a scroll of blinking {unknown}
 i - 2 scrolls of recharging {unknown}
 k - 5 scrolls of identify {unknown}
 n - 2 scrolls of fear {unknown}
 o - a scroll of remove curse {unknown}
 q - a scroll of amnesia {unknown}
Potions
 g - a potion of might {unknown}
 l - a potion of berserk rage {unknown}
 m - a potion of brilliance {unknown}
 r - a potion of haste {unknown}
 s - a potion of curing {unknown}
Books
 a - a book of Minor Magic

   Spells                             Type                      Level
   a - Magic Dart                     Conjuration                  1
   b - Blink                          Translocation                2
   c - Call Imp                       Summoning                    2
   d - Slow                           Hexes                        2
   e - Conjure Flame                  Conjuration/Fire             3
   f - Mephitic Cloud                 Conjuration/Poison/Air       3
Comestibles
 j - 2 meat rations


   Skills:
 + Level 2.3 Fighting
 + Level 2.1 Short Blades
 + Level 2.1 Armour
 + Level 2.1 Dodging
 - Level 1.0 Stealth
 - Level 5.0 Spellcasting
   Level 1.7 Translocations
   Level 1.0 Transmutations
   Level 1.0 Evocations


You had 14 spell levels left.
You didn't know any spells.

Dungeon Overview and Level Annotations

Branches:
Dungeon (2/15)

Altars:

Annotations:
D:2 Natasha, Terence


Innate Abilities, Weirdness & Mutations

You have sharp fingernails.
Your flesh is heat resistant. (rF+)
You are slightly more attuned to the shadows.


Message History

Terence is moderately wounded.
Terence misses you.
You hit Terence but do no damage.
Terence is moderately wounded.
You hit Terence but do no damage.
Terence is moderately wounded.
Terence closely misses you.
You hit Terence.
Terence is heavily wounded.
Terence barely misses you.
You hit Terence but do no damage.
Terence is heavily wounded.
Terence hits you with a hand axe of flaming!
* * * LOW HITPOINT WARNING * * *
Terence burns you.
* * * LOW HITPOINT WARNING * * *
You hit Terence but do no damage.
Terence is heavily wounded.
Terence hits you with a hand axe of flaming.
You die...

### #.................####
#...## ##..##......#####.####
##'## #..##..##.######....#
#.###
#..##..##.###.......####.##.
#...........................
#..##......##.#.............
.......###..##.##.###.###....
........................#.###
........##.@@................
........#####.##..##.#.#.###
.......................#.#
.... .######.##.......#.# .
####.##..##.#.#.#
#...............#
#.#####..##.#.#.# #..##.#.#.#
###..##.#...#


You could see Terence.

Vanquished Creatures
  Sigmund (D:2)
  3 dart slugs
  A leopard gecko (D:1)
  4 bats
  A goblin (D:1)
  7 hobgoblins
  A ball python (D:2)
  A frilled lizard (D:1)
  4 kobolds
  A rat (D:1)
24 creatures vanquished.

Notes
Turn   | Place    | Note
-------+----------+-------------------------------------------
     0 | D:1      | Humpert the Demonspawn Wanderer began the quest for the Orb.
     0 | D:1      | Humpert set off with: a book of Minor Magic, a potion of lignification, a scroll of teleportation, a +0 robe, a +0 dagger, a bread ration
     0 | D:1      | Reached XP level 1. HP: 13/13 MP: 6/6
   615 | D:1      | Gained mutation: Your flesh is heat resistant. (rF+) [demonic ancestry]
   615 | D:1      | Reached XP level 2. HP: 15/20 MP: 8/8
  1729 | D:2      | Reached skill level 1 in Fighting
  1772 | D:2      | Noticed Natasha
  2149 | D:2      | Reached skill level 1 in Short Blades
  2149 | D:2      | Reached skill level 1 in Armour
  2153 | D:2      | Reached skill level 1 in Dodging
  2194 | D:2      | Reached XP level 3. HP: 16/26 MP: 9/9
  2341 | D:2      | Noticed Sigmund
  2394 | D:2      | Killed Sigmund
  2394 | D:2      | Gained mutation: You have sharp fingernails. [demonic ancestry]
  2394 | D:2      | Reached XP level 4. HP: 21/33 MP: 11/11
  2394 | D:2      | Gained mutation: You are slightly more attuned to the shadows. [demonic ancestry]
  2394 | D:2      | Reached XP level 5. HP: 24/38 MP: 12/12
  2868 | D:2      | Noticed Terence
  3212 | D:2      | Slain by Terence

Vault maps used:
D:1:      lemuel_arrival_rhombus, hangedman_abyss_or_decor_stabs
D:2:      grunt_decor_cap, uniq_sigmund, uniq_terence, uniq_natasha

Skill      XL: |  1  2  3 |
---------------+----------+-----
Fighting       | 1 2 |  2.3
Short Blades   | 1 2 |  2.1
Armour         | 1 2 |  2.1
Dodging        | 1 2 |  2.1
Stealth        | |  1.0
Spellcasting   | |  5.0
Translocations | |  1.7
Transmutations | |  1.0
Evocations     | |  1.0

Action                   |  1- 3 |  4- 6 || total
-------------------------+-------+-------++-------
Melee: Dagger            |   135 |    64 ||   199
  Use: Potion            |     1 |     1 ||     2
 Stab: Sleeping          |     2 |     1 ||     3
  Eat: Chunk             |     2 |     1 ||     3
       Royal jelly       |     1 |       ||     1
       Bread ration      |       |     1 ||     1
Armor: Robe              |    21 |     2 ||    23
       Skin              |    12 |    22 ||    34
Dodge: Dodged            |    50 |    14 ||    64

Table legend:
 A = Spawn XP
 B = Non-spawn XP
 C = Spawn XP percentage of total XP
 D = Spawn monster count
 E = Non-spawn monster count
 F = Spawn count percentage of total count
 G = Total turns spent on level
                    A         B        C        D         E        F      G
               +---------+---------+-------+---------+---------+-------+---------
         Total |       0 |     257 |   0.0 |       0 |      24 |   0.0 |  3212
               +---------+---------+-------+---------+---------+-------+---------
           D:1 |       0 |      24 |   0.0 |       0 |      13 |   0.0 |  1851
           D:2 |       0 |     233 |   0.0 |       0 |      11 |   0.0 |  1361
               +---------+---------+-------+---------+---------+-------+---------
